Selects Advanced Infantry Battlegroup
Selects Convert to Ranger Squad
Construct Weapon Support Center
Selects Frontline Medical Station
M3 Armored Personnel Carrier
Selects Ranger Weapon Training
Selects Ammunition Storage
Construct Medical Station
Selects M2A1 105mm Howitzer Emplacement
M18 Hellcat Tank Destroyer
Improved M9 Bazooka Rockets
M18 Hellcat Tank Destroyer
M18 Hellcat Tank Destroyer
Frontline Medical Station